 Dungeon Crawl Stone Soup version 0.29.0-11-gd7f09526c8 (console) character file.

Game seed: 4941513717171204830

2209 jejorda2 the Slicer (level 9, -1/48 HPs)
             Began as a Vine Stalker Monk on Sept 4, 2022.
             Shot with an arrow by a centaur (10 damage)
             ... on level 7 of the Dungeon.
             The game lasted 00:19:02 (6087 turns).

jejorda2 the Slicer (Vine Stalker Monk)             Turns: 6087, Time: 00:19:02

Health: -1/48      AC:  8    Str: 21    XL:     9   Next: 35%
Magic:  0/10       EV: 12    Int: 10    God:
Gold:   432        SH:  0    Dex: 16    Spells: 8/8 levels left

rFire   . . .      SeeInvis .   a - +1 dagger (speed)
rCold   + . .      Faith    .   (no shield)
rNeg    . . .      Spirit   +   m - +3 leather armour of Kifibit {rC+ Str+2 Slay+3}
rPois   +          Reflect  .   w - +0 hat
rElec   .          Harm     .   (no cloak)
rCorr   .          Rampage  .   (no gloves)
Will    ++...                   d - +1 pair of boots
Stlth   ++........              (no amulet)
HPRegen 0.96/turn               r - ring of poison resistance
MPRegen 0.12/turn               l - ring of willpower

@: no status effects
A: fangs 3, regeneration 1, magic shield, antimagic bite, no potion heal 2
a: no special abilities


You were on level 7 of the Dungeon.
You visited 1 branch of the dungeon, and saw 7 of its levels.
You also visited: Sewer.

You collected 432 gold pieces.

Inventory:

Hand Weapons
 a - a +1 dagger of speed (weapon)
 h - the +4 dagger "Morg" {pain, Will+ Int+5}
   (You found it on level 3 of the Dungeon)

   In the hands of one skilled in necromantic magic, it inflicts extra damage on
   living creatures.
   Int:       It affects your intelligence (+5).
   Will:      It increases your willpower.
 v - a +0 vampiric dagger
Missiles
 j - 37 stones (quivered)
 k - 9 poisoned darts
 t - a throwing net
 u - 10 boomerangs
Armour
 d - a +1 pair of boots (worn)
 g - a +0 plate armour
 m - the +3 leather armour of Kifibit (worn) {rC+ Str+2 Slay+3}
   (You found it on level 2 of the Dungeon)

   Str:       It affects your strength (+2).
   Slay:      It affects your accuracy & damage with ranged weapons and melee
   (+3).
   rC:        It protects you from cold.
 w - a +0 hat (worn)
Jewellery
 l - a ring of willpower (right hand)
 r - a ring of poison resistance (left hand)
 A - an amulet of faith
Scrolls
 i - a scroll of amnesia
 q - 2 scrolls of poison
 x - 2 scrolls of vulnerability
 y - 2 scrolls of enchant weapon
Potions
 b - a potion of haste
 c - 3 potions of ambrosia
 e - 2 potions of magic
 f - 6 potions of curing
 o - 2 potions of lignification
 p - 6 potions of flight
 s - a potion of attraction


   Skills:
 - Level 6.0 Fighting
 * Level 9.5 Short Blades
 - Level 3.0 Armour
 - Level 2.4 Dodging
 - Level 2.4 Stealth


You had 8 spell levels left.
You didn't know any spells.
Your spell library contained the following spells:

 Spells                   Type           Power      Damage    Failure   Level
 Magic Dart               Conj           0%         1d3       41%         1
 Necrotise                Necr           0%         1d4       41%         1
 Slow                     Hex            0%         N/A       41%         1
 Call Imp                 Summ           0%         N/A       54%         2
 Confusing Touch          Hex            0%         N/A       78%         3
 Mephitic Cloud           Conj/Pois/Air  0%         N/A       78%         3
 Vampiric Draining        Necr           0%         2d6       78%         3
 Agony                    Necr           0%         N/A       100%        5


Dungeon Overview and Level Annotations

Branches:
Dungeon (7/15)             Temple (0/1) D:7           Sewer (visited)

Altars:
Cheibriados
Fedhas
Makhleb
Qazlal
Uskayaw
Vehumet
Yredelemnul

Shops:
D:3 (   D:4 :   D:6 *

Annotations:
D:7 Joseph


Innate Abilities, Weirdness & Mutations

You have razor-sharp teeth.
Your natural rate of healing is unusually fast.
When hurt, damage is shared between your health and your magic reserves.
Your bite disrupts and absorbs the magic of your enemies.
Potions cannot restore your health.


Message History

An orc priest comes into view. It is wielding a +0 dagger.
There is a stone staircase leading up here.
You climb upwards.
The white imp shouts!
The white imp is engulfed in blazing flames.
The white imp dies!
There is a stone staircase leading down here.
You start waiting.
Done waiting.
You climb downwards.
There is a stone staircase leading up here.
Found a leather armour.
Found a staircase to the Ecumenical Temple.
(D) Dungeon (T) Temple
Where to? (Enter - D:6 @ (x,y), ? - help)
Found a leather armour.
Joseph, a Mercenary comes into view.
He is wielding a +4 quarterstaff of speed and carrying a wand of acid (13).
A centaur comes into view.
You see here a potion of curing.
There is a staircase to the Ecumenical Temple here.
The centaur shouts!
Joseph hits you with a +4 quarterstaff of speed! x2
You completely miss Joseph. You bite Joseph. You drain his power.
You feel invigorated.
Joseph is lightly wounded.
The centaur wields a +0 shortbow.
The centaur shoots an arrow.
The arrow hits you!
Joseph unwields a +4 quarterstaff of speed.
Joseph wields a +3 sling of freezing.
It is covered in frost.
Joseph shoots a sling bullet.
The sling bullet hits you. The sling bullet freezes you.
The centaur shoots an arrow.
The arrow misses you.
Joseph shoots a sling bullet.
The sling bullet hits you!
* * * LOW HITPOINT WARNING * * *
The sling bullet freezes you.
* * * LOW HITPOINT WARNING * * *
There is a staircase to the Ecumenical Temple, spattered with blood here.
Unknown command.
The centaur shoots an arrow.
The arrow hits you!
You die...

#..####.###.#..###
#[.# #.# .# #..#
#.# .# #..####.#
.# #.......###.#
####...........#
..[......#$..#..#
#####.....#.#...#
#.....!@.@..#
####..#.#...#
#.#...#..#
#.c........
c...########
..##### .. ..


You could see Joseph and a centaur.

Vanquished Creatures
  3 yaks (D:6)
  Menkaure (D:4)
  A water moccasin (D:6)
  An orc warrior (D:7)
  An ice beast (D:5)
  A black bear (D:6)
  An ogre (D:7)
  A centaur (D:6)
  A bullfrog (D:5)
  2 necrophages
  A scorpion (D:5)
  A centaur zombie (D:3)
  An iron imp (D:5)
  3 hounds
  3 orc priests (D:5)
  A jelly (D:6)
  Jessica (D:3)
  Natasha (thrice) (D:3)
  Terence (D:3)
  4 iguanas
  An orc wizard (D:5)
  A scorpion zombie (D:3)
  A hound zombie (D:3)
  A howler monkey zombie (D:3)
  12 adders
  A hound simulacrum (D:3)
  4 river rats (Sewer)
  2 white imps (D:6)
  2 ufetubi
  A worm (Sewer)
  4 dart slugs
  13 orcs
  5 endoplasms
  6 giant cockroaches
  11 goblins
  6 hobgoblins
  7 jackals
  6 quokkas
  11 ball pythons
  A ball python skeleton (D:3)
  12 bats
  3 frilled lizards
  6 kobolds
  5 rats
154 creatures vanquished.

Vanquished Creatures (others)
  A white imp (D:6)
  12 withered plants (D:3)
13 creatures vanquished.

Grand Total: 167 creatures vanquished

Notes
Turn   | Place    | Note
-------+----------+-------------------------------------------
     0 | D:1      | jejorda2 the Vine Stalker Monk began the quest for the Orb.
     0 | D:1      | Reached XP level 1. HP: 11/11 MP: 2/2
   187 | D:1      | Reached XP level 2. HP: 16/16 MP: 3/3
   349 | D:1      | Reached skill level 3 in Short Blades
   422 | D:1      | Reached skill level 1 in Armour
   524 | D:1      | Found a faded altar of an unknown god.
   609 | D:1      | Reached XP level 3. HP: 18/19 MP: 4/4
  1071 | D:2      | Identified the +3 leather armour of Kifibit {rC+ Str+2
                  | Slay+3}
  1923 | D:3      | Gained mutation: Your natural rate of healing is unusually
                  | fast. [Vine Stalker growth]
  1923 | D:3      | Reached XP level 4. HP: 24/24 MP: 5/5
  2045 | D:3      | Noticed Jessica
  2052 | D:3      | Killed Jessica
  2192 | D:3      | Found a stormy altar of Qazlal.
  2255 | D:3      | Found Ofoe's Weapon Shop.
  2259 | D:3      | Noticed Terence
  2276 | D:3      | Killed Terence
  2277 | D:3      | Reached XP level 5. HP: 28/28 MP: 6/6
  2387 | D:3      | Noticed Natasha
  2419 | D:3      | Reached skill level 4 in Short Blades
  2443 | D:3      | Killed Natasha
  2444 | D:3      | Reached XP level 6. HP: 25/32 MP: 5/7
  2466 | D:3      | Found the +4 dagger "Morg" {pain, Will+ Int+5}
  2587 | D:3      | Found a stormy altar of Qazlal.
  2626 | D:3      | Found Ofoe's Weapon Shop.
  2719 | D:3      | Noticed Natasha
  2732 | D:3      | Killed Natasha
  2873 | D:3      | Noticed Natasha
  2882 | D:3      | Killed Natasha
  2913 | D:4      | Found a glowing drain.
  2952 | Sewer    | Entered a sewer
  3294 | Sewer    | Reached skill level 5 in Short Blades
  3768 | D:4      | Noticed Menkaure
  3775 | D:4      | Killed Menkaure
  3776 | D:4      | Reached XP level 7. HP: 30/37 MP: 6/8
  4014 | D:4      | Found Epsosof's Book Boutique.
  4045 | D:4      | Found a blossoming altar of Fedhas.
  4050 | D:4      | Found a basalt altar of Yredelemnul.
  4170 | D:5      | Entered Level 5 of the Dungeon
  4269 | D:5      | Reached skill level 6 in Short Blades
  4319 | D:5      | Identified the +1 spear "Sarcophage" {drain, *Noise rF++
                  | Int+2}
  4347 | D:5      | Gained mutation: You have razor-sharp teeth. [Vine Stalker
                  | growth]
  4347 | D:5      | Reached XP level 8. HP: 34/42 MP: 7/9
  4354 | D:5      | Reached skill level 5 in Fighting
  4448 | D:5      | Found a snail-covered altar of Cheibriados.
  4585 | D:5      | Reached skill level 7 in Short Blades
  4862 | D:6      | Noticed a yak
  4862 | D:6      | Noticed a yak
  4889 | D:6      | Found Feocset's Overcharged Wands.
  5034 | D:6      | Found a radiant altar of Vehumet.
  5275 | D:6      | Found a burning altar of Makhleb.
  5633 | D:6      | Noticed a yak
  5636 | D:6      | Found a hide-covered altar of Uskayaw.
  5647 | D:6      | Killed a yak
  5648 | D:6      | Reached skill level 8 in Short Blades
  5648 | D:6      | Reached XP level 9. HP: 48/48 MP: 8/10
  5657 | D:6      | Reached skill level 9 in Short Blades
  5833 | D:7      | Noticed a purple ugly thing
  6076 | D:7      | Found a staircase to the Ecumenical Temple.
  6079 | D:7      | Noticed Joseph
  6087 | D:7      | Shot with an arrow by a centaur

Illustrated notes

Levels and vault maps discovered:
D:1:      beargit_arrival_greenhouse, layout_loops_ring,
          ebering_ecumenical_altar_box, chequers_jeans
D:2:      layout_basic, minmay_fountain_box, minmay_goblin_kobold_house
D:3:      layout_loops_ring, grunt_qazlal_clouds, serial_shops, shop,
          nicolae_kite_square_tiling_tiny, grunt_ministairs_12,
          dilly_guarded_unrand_morg, uniq_terence, uniq_jessica
D:4:      layout_loops_ring, minitemple, serial_shops, nicolae_shop_trees,
          portal_sewer_entry_f, uniq_menkaure
D:5:      layout_rooms, chei_slow_surprise
D:6:      layout_loops_ring, makhleb_heckhound_becter, fiery_altar_vehumet,
          nicolae_uskayaw_dance_hall, nicolae_shop_overcharged_wands
D:7:      layout_basic, minmay_temple_entry_crystal_x, serial_shops, shop,
          hangedman_abyss_or_decor_slice, uniq_maggie, uniq_joseph

Skill      XL: |  1  2  3  4  5  6  7  8  9 |
---------------+----------------------------+-----
Short Blades   | 3 4 5 6 8 9 |  9.5
Armour         | 1 2 3 |  3.0
Fighting       | 3 4 6 |  6.0
Dodging        | |  2.4
Stealth        | |  2.4

Action                   |  1- 3 |  4- 6 |  7- 9 || total
-------------------------+-------+-------+-------++-------
Melee: Short sword       |    12 |       |       ||    12
       Bite              |    28 |    45 |    80 ||   153
       Dagger            |    93 |   164 |   252 ||   509
       Punch             |     1 |     4 |     3 ||     8
Throw: Stone             |     4 |     4 |    22 ||    30
       Dart              |       |     2 |       ||     2
       Throwing net      |       |     1 |       ||     1
  Use: Scroll            |       |    12 |     5 ||    17
       Potion            |       |       |     1 ||     1
 Stab: Sleeping          |     4 |     7 |     2 ||    13
Armor: Robe              |     1 |       |       ||     1
       Plate armour      |    34 |       |       ||    34
       Leather armour    |     4 |    56 |    49 ||   109
Dodge: Dodged            |    26 |    96 |   103 ||   225
